 Dungeon Crawl Stone Soup version 0.25-a0-290-g4a1327ee3a (webtiles) character file.

Game seed: 14500572322412880420, levelgen mode: deterministic

147 Lanoc the Covered (level 5, -4/49 HPs)
             Began as a Deep Dwarf Fighter on Dec 14, 2019.
             Was a Follower of Trog.
             Killed by nerve-wracking pain
             ... invoked by an orc priest
              (12 damage)
             ... on level 3 of the Dungeon.
             The game lasted 00:02:49 (1631 turns).

Lanoc the Covered (Deep Dwarf Fighter)              Turns: 1631, Time: 00:02:49

Health: -4/49      AC:  8    Str: 20    XL:     5   Next: 7%
Magic:  5/5        EV: 10    Int:  8    God:    Trog [*.....]
Gold:   72         SH:  5    Dex: 13    Spells: 4/4 levels left

rFire    . . .     SeeInvis .   a - +0 war axe
rCold    . . .     Gourm    .   o - +0 buckler
rNeg     . . .     Faith    .   b - +0 scale mail
rPois    .         Spirit   .   (no helmet)
rElec    .         Reflect  .   (no cloak)
rCorr    .         Harm     .   j - +0 pair of gloves
MR       .....                  (no boots)
Stlth    ..........             (no amulet)
HPRegen  0.00/turn              (no ring)
MPRegen  0.09/turn              (no ring)

@: berserk cooldown, non-regenerating, slowed, very slow
A: damage resistance, heal wounds, sense surroundings 1, no regeneration
a: Heal Wounds, Berserk, Renounce Religion


You were on level 3 of the Dungeon.
You worshipped Trog.
Trog was aware of your devotion.
You were not hungry.

You visited 1 branch of the dungeon, and saw 3 of its levels.

You collected 72 gold pieces.

Inventory:

Hand Weapons
 a - a +0 war axe (weapon)
Armour
 b - a +0 scale mail (worn)
 c - a +0 shield
 j - a +0 pair of gloves (worn)
 o - a +0 buckler (worn)
Scrolls
 e - a scroll of teleportation {unknown}
 h - a scroll of immolation {unknown}
 i - a scroll of remove curse {unknown}
 m - a scroll of identify {unknown}
Potions
 d - 2 potions of might
 g - a potion of agility {unknown}
 k - a potion of heal wounds {unknown}
 l - a potion of flight {unknown}
 n - a potion of curing {unknown}
 q - a potion of ambrosia {unknown}
Comestibles
 f - 4 rations
 p - 3 chunks of flesh


   Skills:
 + Level 3.2 Fighting
 * Level 3.8 Axes
 + Level 4.0 Armour
 + Level 1.7 Dodging
 - Level 4.0 Shields


You had 4 spell levels left.
You didn't know any spells.
Your spell library was empty.

Dungeon Overview and Level Annotations

Branches:
Dungeon (3/15)

Altars:
Ru
Trog


Innate Abilities, Weirdness & Mutations

You are resistant to damage.
You can heal yourself by infusing magical energy.
You passively map a small area around you.
You do not regenerate.


Message History

* * * LOW HITPOINT WARNING * * *
The orc priest looks encouraged for a moment.
The orc hits you with a +0 mace.
* * * LOW HITPOINT WARNING * * *
Unknown command.
You completely miss the orc priest. You closely miss the orc. You hit the orc.
You hit the orc but do no damage. The orc priest closely misses you.
You block the orc's attack. The orc completely misses you.
You block the orc's attack.
The orc priest begins to cast a cantrip, but forgets the words!
The orc barely misses you. The orc hits you but does no damage.
Unknown command.
Unknown command.
You hit the orc priest.
The orc priest is heavily wounded.
You closely miss the orc. You barely miss the orc. x2
The orc hits you but does no damage.
The orc priest calls down the wrath of Beogh upon you.
Pain shoots through your body!
You die...

* ..... .. ...# ..... ,
, , ##.#...# .# .....
##......# ..# **##### ,
,........# ..# ,
,#####......#...# ,
#.......)..#...# ,
#.....o.......%
#....so@...# *######
#.....oo..)#####....####
,
##....o##.>.............
#..##.. #.)#####....#...
#. .... #..# #(...#...
#,.#... #..# #....#### ,
. #..# #... ###### * ...
#..## , * , ...#


You could see an orc priest, 4 orcs and a giant cockroach.

Vanquished Creatures
  An orc wizard (D:3)
  3 adders (D:3)
  4 gnolls (D:3)
  An ooze (D:1)
  2 dart slugs
  8 orcs (D:3)
  5 goblins
  3 hobgoblins
  2 kobolds
  2 quokkas
  A ball python (D:3)
  4 bats
  3 frilled lizards
  4 rats
43 creatures vanquished.

Notes
Turn   | Place    | Note
-------+----------+-------------------------------------------
     0 | D:1      | Lanoc the Deep Dwarf Fighter began the quest for the Orb.
     0 | D:1      | Reached XP level 1. HP: 20/20 MP: 1/1
   301 | D:1      | Reached XP level 2. HP: 27/27 MP: 2/2
   901 | D:2      | Found a bloodstained altar of Trog.
   967 | D:2      | Found a sacrificial altar of Ru.
  1361 | D:3      | Reached skill level 1 in Dodging
  1361 | D:3      | Reached XP level 3. HP: 31/33 MP: 3/3
  1412 | D:3      | Reached XP level 4. HP: 35/42 MP: 4/4
  1466 | D:3      | Found a faded altar of an unknown god.
  1476 | D:3      | Became a worshipper of Trog the Wrathful
  1476 | D:3      | Reached * piety under Trog
  1615 | D:3      | Reached XP level 5. HP: 32/49 MP: 5/5
  1631 | D:3      | Killed from afar by an orc priest

Levels and vault maps discovered:
D:1:      grunt_arrival_crossed_arrows, layout_basic,
          ebering_dispersal_statue_hall
D:2:      layout_loops_cross, nicolae_overflow_crystal_walls,
          minmay_crystal_water, hangedman_ru_absence
D:3:      layout_basic, chequers_ecumenical_altar_simple

Skill      XL: |  1  2  3  4 |
---------------+-------------+-----
Dodging        | 1 |  1.7
Axes           | 3 |  3.8
Fighting       | 3 |  3.2
Armour         | 4 |  4.0
Shields        | 4 |  4.0

Action                   |  1- 3 |  4- 6 || total
-------------------------+-------+-------++-------
Melee: War axe           |    68 |    32 ||   100
Invok: Berserk           |       |     1 ||     1
  Eat: Chunk             |       |     3 ||     3
Armor: Scale mail        |    33 |    18 ||    51
Dodge: Dodged            |    20 |    16 ||    36
Block: Shield            |    28 |       ||    28
       Buckler           |    10 |    18 ||    28

Table legend:
 A = Non-vault XP
 B = Vault XP
 C = Vault XP percentage of total XP
 D = Non-vault monster count
 E = Vault monster count
 F = Vault count percentage of total count
                 A         B        C        D         E       F
            +---------+---------+-------+---------+---------+-------
      Total |     210 |       0 |   0.0 |      43 |       0 |   0.0
            +---------+---------+-------+---------+---------+-------
        D:1 |      15 |       0 |   0.0 |       6 |       0 |   0.0
        D:2 |      21 |       0 |   0.0 |      12 |       0 |   0.0
        D:3 |     174 |       0 |   0.0 |      25 |       0 |   0.0
            +---------+---------+-------+---------+---------+-------
